 Dungeon Crawl Stone Soup version 0.29.1-13-g9f3cf754e1 (webtiles) character file.

Game seed: 12056091879333870314

68920 nickcage the Gelid (level 14, -3/72 HPs)
             Began as a Deep Elf Ice Elementalist on Sept 12, 2022.
             Was a High Priest of Sif Muna.
             Shot with a bolt by a yaktaur (28 damage)
             ... on level 13 of the Dungeon on Jan 26, 2023.
             The game lasted 03:27:07 (29570 turns).

nickcage the Gelid (Deep Elf Ice Elementalist)     Turns: 29570, Time: 03:27:08

Health: -3/72      AC: 11    Str:  5    XL:     14   Next: 88%
Magic:  33/43      EV: 17    Int: 26    God:    Sif Muna [*****.]
Gold:   1892       SH:  5    Dex: 15    Spells: 1/41 levels left

rFire   . . .      SeeInvis .   g - staff of conjuration
rCold   + . .      Faith    .   (no shield)
rNeg    . . .      Spirit   .   K - +2 robe {rC+}
rPois   +          Reflect  +   M - +2 hat
rElec   +          Harm     .   I - +2 cloak
rCorr   .          Rampage  .   q - +0 pair of gloves
Will    +....                   a - +0 pair of boots of the Little Devil {rElec MP+9}
Stlth   ++........              P - amulet of reflection
HPRegen 0.22/turn               j - +4 ring of evasion
MPRegen 0.28/turn               x - ring of poison resistance

@: studying Unarmed Combat
A: no striking features
a: Renounce Religion, Channel Magic, Forget Spell, Divine Exegesis


You were on level 13 of the Dungeon.
You worshipped Sif Muna.
Sif Muna was extremely pleased with you.
You visited 2 branches of the dungeon, and saw 18 of its levels.

You collected 1892 gold pieces.

Inventory:

Hand Weapons
 e - the +7 short sword of Spores {drain, *Noise Drain Str+8 Stlth+}
   (You found it on level 10 of the Dungeon)

   A truly terrible weapon, it drains the life of any living foe it strikes.
   Str:       It affects your strength (+8).
   *Noise:    It may make noises in combat.
   Drain:     It drains your maximum health when unequipped.
   Stlth:     It makes you more stealthy.
Armour
 a - the +0 pair of boots of the Little Devil (worn) {rElec MP+9}
   (You found it on level 8 of the Dungeon)

   rElec:     It insulates you from electricity.
   MP:        It affects your magic capacity (+9).
 q - a +0 pair of gloves (worn)
 I - a +2 cloak (worn)
 K - a +2 robe of cold resistance (worn)
 M - a +2 hat (worn)
 Y - an orb of energy
Magical Staves
 g - a staff of conjuration (weapon)
 Z - a staff of cold
Jewellery
 b - a ring of willpower
 j - a +4 ring of evasion (left hand)
 l - a ring of magical power
 o - a ring of protection from cold
 x - a ring of poison resistance (right hand)
 y - a ring of protection from fire
 C - a +6 ring of dexterity
 H - a ring of flight
 P - an amulet of reflection (around neck)
 T - a ring of resist corrosion
Wands
 i - a wand of flame (16)
 k - a wand of digging (5)
 p - a wand of roots (20)
 s - a wand of polymorph (13)
 t - a wand of light (7)
 D - a wand of mindburst (7)
 U - a wand of charming (5)
Scrolls
 c - 6 scrolls of fog
 d - 6 scrolls of identify
 h - 3 scrolls of blinking
 m - 9 scrolls of teleportation
 n - a scroll of summoning
 u - a scroll of poison
 E - 4 scrolls of magic mapping
 O - 2 scrolls of acquirement
 Q - a scroll of fear
Potions
 f - 6 potions of brilliance
 r - 7 potions of mutation
 v - 3 potions of flight
 z - 2 potions of haste
 A - 8 potions of curing
 B - 3 potions of heal wounds
 G - a potion of resistance
 L - 3 potions of lignification
 N - a potion of berserk rage
 X - a potion of magic
Miscellaneous
 S - a piece from Xom's chessboard (15/15)
 W - a piece from Xom's chessboard (15/15)


   Skills:
 - Level 2.1 Fighting
 - Level 3.0 Staves
 - Level 4.0 Dodging
 - Level 2.4 Stealth
 + Level 14.3 Spellcasting
 * Level 14.7 Conjurations
 * Level 17.5 Ice Magic
 - Level 10.0 Earth Magic
 - Level 5.0 Poison Magic
 * Level 7.1 Invocations
 - Level 2.0 Evocations


You had one spell level left.
You knew the following spells:

 Your Spells              Type           Power      Damage    Failure   Level
a - Freeze                Ice            100%       1d11      0%          1
b - Frozen Ramparts       Ice            100%       1d16      0%          3
c - Ozocubu's Armour      Ice            83%        N/A       0%          3
d - Hailstorm             Conj/Ice       100%       3d20      1%          4
e - Magic Dart            Conj           100%       1d8       0%          1
f - Mephitic Cloud        Conj/Pois/Air  68%        N/A       1%          3
g - Iron Shot             Conj/Erth      45%        9d9       2%          6
h - Olgreb's Toxic Radia  Pois           44%        N/A       3%          4
i - Iskenderun's Battles  Conj           97%        2d14      1%          5
j - Lightning Bolt        Conj/Air       35%        1d53      4%          5
k - Freezing Cloud        Conj/Ice/Air   42%        6-21      1%          5

Your spell library contained the following spells:

 Spells                   Type           Power      Damage    Failure   Level
 Foxfire                  Conj/Fire      100%       2x1d9     1%          1
 Shock                    Conj/Air       100%       1d9       1%          1
 Sting                    Tmut/Pois      100%       1d8       1%          1
 Searing Ray              Conj           100%       2d8       0%          2
 Poisonous Vapours        Pois/Air       62%        N/A       1%          2
 Fulminant Prism          Conj/Hex       35%        3d18      1%          4
 Ice Form                 Ice/Tmut       59%        N/A       1%          4
 Metabolic Englaciation   Hex/Ice        29%        N/A       2%          5
 Animate Armour           Summ/Erth      88%        N/A       3%          4
 Leda's Liquefaction      Hex/Erth       22%        N/A       3%          4
 Petrify                  Tmut/Erth      44%        N/A       3%          4
 Call Imp                 Summ           18%        N/A       4%          2
 Sublimation of Blood     Necr           18%        N/A       4%          2
 Orb of Destruction       Conj           48%        9d13      6%          7
 Call Canine Familiar     Summ           18%        N/A       9%          3
 Portal Projectile        Hex/Tloc       36%        N/A       9%          3
 Swiftness                Air            18%        N/A       9%          3
 Simulacrum               Ice/Necr       29%        N/A       12%         6
 Conjure Ball Lightning   Conj/Air       35%        3x3d11    22%         6
 Airstrike                Air            9%         2d(2-18)  30%         4
 Statue Form              Tmut/Erth      29%        N/A       52%         6
 Blade Hands              Tmut           9%         N/A       63%         5
 Spellforged Servitor     Conj/Summ      35%        N/A       77%         7
 Necromutation            Tmut/Necr      9%         N/A       100%        8


Dungeon Overview and Level Annotations

Branches:
Dungeon (13/15)            Temple (0/1) D:7            Lair (5/5) D:8
 Shoals (0/4) Lair:3       Spider (0/4) Lair:2        Slime (0/5) Lair:4
    Orc (0/2) D:11
 Vaults: D:13-14

Altars:
Hepliaklqana
Makhleb
Nemelex Xobeh
Ru
Sif Muna
Trog
Uskayaw
Wu Jian
Xom
Yredelemnul
Zin
Jiyva

Shops:
D:8 *

Annotations:
D:13 2 transporters, Zuymiq's ghost, journeyman OgMo


Message History

You feel a surge of power!
A cannonade of hail descends around you!
The hail pelts the cyclops!
The cyclops is almost dead.
The cyclops throws a large rock.
You reflect the large rock off an invisible shield around you!
The large rock hits the cyclops!
You kill the cyclops!
Sif Muna accepts your kill.
You start resting.
Magic restored.
A yaktaur comes into view.
The yaktaur shouts!
You hear a shout!
A yaktaur captain comes into view.
The yaktaur wields a +0 arbalest.
The yaktaur shoots a bolt.
The bolt hits you!!
Casting: Hailstorm (safe; 1% risk of failure)
Confirm with . or Enter, or press ? or * to list all spells.
Aiming: Iron Shot (dangerous; 2% risk of failure)
Press: ? - help, Shift-Dir - straight line, f - yaktaur
Aim: a yaktaur, wielding a +0 arbalest (95% to hit)
You feel a surge of power!
The iron shot hits the yaktaur!!!
The yaktaur is almost dead.
The yaktaur captain wields a +0 arbalest.
The yaktaur captain shoots a bolt.
The bolt hits you!
A yaktaur comes into view.
Casting: Iron Shot (dangerous; 2% risk of failure)
Confirm with . or Enter, or press ? or * to list all spells.
Aiming: Freezing Cloud (dangerous; 1% risk of failure)
Press: ? - help, Dir - move target, f/p - yaktaur
Aim: a yaktaur, wielding a +0 arbalest (almost dead)
You feel a surge of power!
The yaktaur is engulfed in freezing vapours.
You kill the yaktaur!
Sif Muna accepts your kill.
The yaktaur is engulfed in freezing vapours.
The yaktaur wields a +0 arbalest.
The yaktaur shoots a bolt.
The bolt hits you!
Unknown command.
The yaktaur shoots a bolt.
The bolt hits you!!
You die...

#.#....# ### #......## ###..
##......# ###....
#######.......# ###......
#.............####........
###.#####..(...............#
.......##...............###
#.#.#.###............### #
.....###@.........### ## ##.
. #.#.##.........### ##. #..
... #......#......########..
#.#
...c)#.#.####....####.......#
#.# .c....§..# #..###
#......... #.# ..$.§§c..#
#..# #.........
#.#####......# ##..##
#......... ...........###
#....# #......... ...........
##....# #.........


You could see a yaktaur.

Vanquished Creatures
  A sphinx (D:10)
  A yaktaur captain (D:10)
  An ice dragon (Lair:5)
  A boulder beetle (D:11)
  7 hydras
  An ogre mage (D:10)
  A rakshasa (D:10)
  3 two-headed ogres
  4 centaur warriors
  3 death yaks (Lair:2)
  A tengu warrior (D:10)
  Amaemon (D:8)
  Pikel (D:7)
  2 lindwurms (Lair:5)
  A manticore (D:10)
  4 ugly things
  4 cyclopes
  An oklob plant (Lair:2)
  3 elephants (Lair:4)
  6 black mambas
  An orange demon (D:8)
  2 merfolk sirens (Lair:3)
  7 torpor snails
  A water nymph (shapeshifter) (D:10)
  Maggie (D:6)
  13 cane toads
  2 gargoyles
  8 komodo dragons
  An unseen horror (D:10)
  2 rime drakes
  2 yaktaurs
  2 efreet (D:10)
  2 freezing wraiths (D:10)
  11 polar bears
  A meliai (Lair:2)
  7 trolls
  2 merfolk (Lair:3)
  12 hornets
  3 tyrant leeches (Lair:5)
  2 raiju (Lair:5)
  2 slime creatures (D:6)
  2 dream sheep (Lair:4)
  5 blink frogs (Lair:2)
  A shadow (D:12)
  A centaur simulacrum (D:10)
  A hog (shapeshifter) (D:10)
  9 wyverns
  A spriggan (D:7)
  4 wraiths
  48 yaks
  5 basilisks
  12 vampire mosquitoes
  A redback (D:10)
  4 wargs (Lair:5)
  18 water moccasins
  15 hell hounds (Lair:5)
  3 orc warriors
  2 sky beasts
  12 black bears
  2 ogres
  8 centaurs
  30 wolves
  A phantom (D:6)
  7 kobold brigands
  A lemure (D:7)
  9 bullfrogs
  Blork the orc (D:6)
  2 gnoll sergeants
  4 scorpions
  A water moccasin skeleton (D:3)
  11 killer bees
  6 electric eels
  4 howler monkeys
  2 gnoll boudas
  4 hounds
  Crazy Yiuf (D:3)
  3 jellies (D:6)
  8 orc priests
  2 iguanas (D:5)
  Ijyb (D:3)
  15 orc wizards
  A hound zombie (D:3)
  A hound skeleton (D:3)
  A howler monkey zombie (D:3)
  Robin (D:3)
  11 gnolls
  A howler monkey skeleton (D:3)
  10 adders
  A shadow imp (D:5)
  2 ufetubi
  2 adder zombies (D:3)
  2 worms (D:2)
  4 dart slugs
  40 orcs
  7 bats
  13 endoplasms
  5 giant cockroaches
  16 goblins
  9 hobgoblins
  12 jackals
  5 quokkas
  6 ball pythons
  A ball python zombie (D:3)
  A frilled lizard (D:1)
  22 kobolds
  8 rats
  A butterfly (Lair:3)
581 creatures vanquished.

Vanquished Creatures (collateral kills)
  An endoplasm (D:4)
1 creature vanquished.

Vanquished Creatures (others)
  A golden eye (shapeshifter) (D:10)
  34 fungi
  70 plants
  10 toadstools (D:6)
  8 withered plants (D:3)
123 creatures vanquished.

Grand Total: 705 creatures vanquished

Notes
Turn   | Place    | Note
-------+----------+-------------------------------------------
     0 | D:1      | nickcage the Deep Elf Ice Elementalist began the quest for
                  | the Orb.
     0 | D:1      | Reached XP level 1. HP: 10/10 MP: 6/6
   308 | D:1      | Reached XP level 2. HP: 15/15 MP: 5/8
   314 | D:1      | Reached skill level 5 in Ice Magic
   731 | D:1      | Found a faded altar of an unknown god.
  1005 | D:1      | Reached XP level 3. HP: 11/19 MP: 5/9
  1009 | D:1      | Learned a level 3 spell: Frozen Ramparts
  1013 | D:1      | Learned a level 3 spell: Ozocubu's Armour
  1569 | D:2      | Upgraded the game from 0.29.1 to 0.29.1-13-g9f3cf754e1
  1876 | D:2      | Reached skill level 6 in Ice Magic
  1876 | D:2      | Reached XP level 4. HP: 22/24 MP: 5/11
  2031 | D:2      | Found a burning altar of Makhleb.
  2413 | D:3      | Noticed Ijyb
  2429 | D:3      | Killed Ijyb
  2456 | D:3      | Found a sacrificial altar of Ru.
  2470 | D:3      | Reached XP level 5. HP: 17/28 MP: 0/13
  2497 | D:3      | Learned a level 4 spell: Hailstorm
  2809 | D:3      | Learned a level 1 spell: Magic Dart
  3031 | D:3      | Reached skill level 5 in Spellcasting
  3558 | D:3      | Found a runed translucent door.
  3559 | D:3      | Noticed Crazy Yiuf
  3566 | D:3      | Killed Crazy Yiuf
  3567 | D:3      | Reached skill level 1 in Conjurations
  3705 | D:3      | Reached skill level 7 in Ice Magic
  3753 | D:3      | Reached XP level 6. HP: 32/32 MP: 12/15
  3797 | D:3      | Learned a level 3 spell: Mephitic Cloud
  3978 | D:3      | Noticed Robin
  4000 | D:3      | Killed Robin
  4797 | D:4      | Found a shimmering blue altar of Sif Muna.
  4865 | D:4      | Became a worshipper of Sif Muna the Loreminder
  5012 | D:4      | Reached skill level 1 in Poison Magic
  5356 | D:5      | Entered Level 5 of the Dungeon
  5413 | D:5      | Noticed a two-headed ogre
  5687 | D:5      | Reached XP level 7. HP: 36/36 MP: 7/16
  5778 | D:5      | Found an ornate altar of the Wu Jian Council.
  5802 | D:5      | Reached skill level 8 in Ice Magic
  7020 | D:5      | Killed a two-headed ogre
  7020 | D:5      | Reached * piety under Sif Muna
  7021 | D:5      | Reached skill level 9 in Ice Magic
  7021 | D:5      | Reached XP level 8. HP: 18/41 MP: 9/23
  7237 | D:6      | Found a runed translucent door.
  7237 | D:6      | Noticed Maggie
  7251 | D:6      | Killed Maggie
  7252 | D:6      | Reached skill level 1 in Fighting
  7252 | D:6      | Reached skill level 10 in Ice Magic
  7252 | D:6      | Reached skill level 1 in Invocations
  7700 | D:6      | Reached XP level 9. HP: 47/47 MP: 11/24
  8130 | D:6      | Reached skill level 11 in Ice Magic
  8503 | D:6      | Noticed Blork the orc
  8511 | D:6      | Killed Blork the orc
  8638 | D:6      | Reached ** piety under Sif Muna
  9536 | D:7      | Noticed Pikel
  9546 | D:7      | Killed Pikel
  9762 | D:7      | Found a staircase to the Ecumenical Temple.
 10160 | D:7      | Reached XP level 10. HP: 50/53 MP: 17/25
 10485 | D:7      | Found a hide-covered altar of Uskayaw.
 10620 | D:8      | Reached skill level 12 in Ice Magic
 10764 | D:8      | Identified the +0 pair of boots of the Little Devil {rElec
                  | MP+9}
 10777 | D:8      | Reached skill level 5 in Poison Magic
 10785 | D:8      | Noticed a two-headed ogre
 10795 | D:8      | Reached skill level 1 in Staves
 11152 | D:8      | Killed a two-headed ogre
 11153 | D:8      | Reached skill level 5 in Conjurations
 11267 | D:8      | Found a staircase to the Lair.
 11348 | D:8      | Noticed Amaemon
 11370 | D:8      | Found Zin's Purification Station.
 11374 | D:8      | Found a glowing silver altar of Zin.
 11438 | D:8      | Reached skill level 5 in Invocations
 11442 | D:8      | Reached *** piety under Sif Muna
 11661 | D:8      | Found a hazy altar of Hepliaklqana.
 11806 | D:8      | Noticed an orange demon
 11822 | D:8      | Killed an orange demon
 11902 | D:8      | Killed Amaemon
 11903 | D:8      | Reached skill level 13 in Ice Magic
 12089 | D:8      | Found a sparkling altar of Nemelex Xobeh.
 12138 | D:8      | Learned a level 6 spell: Iron Shot
 12356 | D:9      | Reached skill level 1 in Earth Magic
 12356 | D:9      | Reached XP level 11. HP: 48/57 MP: 17/26
 12908 | D:9      | Found a basalt altar of Yredelemnul.
 13057 | D:9      | Found a bloodstained altar of Trog.
 13299 | D:10     | Entered Level 10 of the Dungeon
 13303 | D:10     | Noticed a rakshasa
 13338 | Lair:1   | Entered Level 1 of the Lair of Beasts
 13579 | Lair:1   | Reached skill level 10 in Spellcasting
 13639 | Lair:1   | Reached **** piety under Sif Muna
 14175 | Lair:1   | Reached skill level 14 in Ice Magic
 14823 | Lair:2   | Reached skill level 5 in Earth Magic
 15343 | Lair:2   | Noticed a death yak
 15343 | Lair:2   | Noticed a death yak
 15343 | Lair:2   | Noticed a death yak
 15397 | Lair:2   | Killed a death yak
 15399 | Lair:2   | Killed a death yak
 15400 | Lair:2   | Reached XP level 12. HP: 62/62 MP: 12/29
 15418 | Lair:2   | Killed a death yak
 15865 | Lair:2   | Found a hole to the Spider Nest.
 16508 | Lair:3   | Reached skill level 10 in Conjurations
 16712 | Lair:3   | Found a staircase to the Shoals.
 17128 | Lair:3   | Noticed a seven-headed hydra
 17136 | Lair:3   | Killed a seven-headed hydra
 17343 | Lair:3   | Reached ***** piety under Sif Muna
 17434 | Lair:3   | Received a gift from Sif Muna
 17679 | Lair:3   | Learned a level 4 spell: Olgreb's Toxic Radiance
 18308 | Lair:4   | Noticed an eight-headed hydra
 18691 | Lair:4   | Reached XP level 13. HP: 59/66 MP: 22/31
 18933 | Lair:4   | Learned a level 5 spell: Iskenderun's Battlesphere
 19176 | Lair:4   | Found a staircase to the Slime Pits.
 19176 | Lair:4   | Found a viscous altar of Jiyva.
 19749 | Lair:5   | Entered Level 5 of the Lair of Beasts
 20520 | Lair:5   | Found a runed translucent door.
 20593 | Lair:5   | Reached skill level 15 in Ice Magic
 21492 | Lair:5   | Received a gift from Sif Muna
 21600 | Lair:5   | Got Sif Muna's Incunabulum of Morbid Damage Dealing {god
                  | gift}
 21621 | Lair:5   | Reached skill level 16 in Ice Magic
 23116 | Lair:5   | Reached XP level 14. HP: 51/72 MP: 16/33
 23652 | D:10     | Found a shimmering altar of Xom.
 23852 | D:10     | Learned a level 5 spell: Lightning Bolt
 24297 | D:10     | Reached skill level 10 in Earth Magic
 24466 | D:10     | Identified 2 scrolls of acquirement
 24531 | D:10     | Noticed a sphinx
 24537 | D:10     | Received a gift from Sif Muna
 24538 | D:10     | Reached skill level 1 in Evocations
 24538 | D:10     | Got Sif Muna's Anthology of Kinetic Transfiguration {god
                  | gift}
 24793 | D:10     | Reached skill level 17 in Ice Magic
 25281 | D:10     | Killed a sphinx
 25466 | D:10     | Identified the +7 short sword of Spores {drain, *Noise
                  | Drain Str+8 Stlth+}
 25537 | D:10     | Identified the +0 chain mail of the Old World {rPois Will+
                  | rCorr}
 26585 | D:11     | Found a staircase to the Orcish Mines.
 27169 | D:11     | Found a shimmering blue altar of Sif Muna.
 27734 | D:12     | Received a gift from Sif Muna
 28373 | D:12     | Learned a level 5 spell: Freezing Cloud
 28724 | D:13     | Noticed a tengu reaver
 28729 | D:13     | Noticed a fire giant
 28781 | D:13     | Found a transporter.
 28787 | D:13     | Found a transporter.
 28792 | D:13     | Noticed Zuymiq's ghost (journeyman OgMo)
 28959 | D:13     | Identified the +1 buckler of Fortitude {+Inv Regen+ Str-3
                  | Dex+5}
 29570 | D:13     | Shot with a bolt by a yaktaur

Illustrated notes

Levels and vault maps discovered:
D:1:      shiori_arrival_elements, layout_basic,
          hellmonk_ecumenical_altar_lost_god, corner_web_ring
D:2:      layout_basic, basic_altar
D:3:      layout_basic, nicolae_overflow_crystal_walls, serial_undead,
          serial_undead_f, serial_undead_a, serial_undead_c, serial_undead_d,
          serial_undead_f, serial_undead_d, serial_undead_a, serial_undead_d,
          serial_undead_b, serial_undead_d, uniq_crazy_yiuf_cottage, uniq_ijyb,
          uniq_robin
D:4:      cheibrodos_quashed, layout_loops_ring, mainiacjoe_overflow_paths
D:5:      layout_cave_pods, mainiacjoe_overflow_catwalk
D:6:      cheibrodos_fertilizer, layout_basic, lightli_church_of_beogh,
          uniq_maggie, uniq_blork_the_orc
D:7:      layout_loops_corners, kennysheep_mini_moat,
          minmay_temple_entry_drinking_statues, minmay_misc_feat_hallway,
          the_hattery, uniq_pikel
D:8:      layout_rooms, zin_purify, mainiacjoe_overflow_six_doors_small,
          nemelex_spade_bored_becter, erik_lair_island, dreamdust_wishing_well,
          grunt_ministairs_4, serial_bayou_pond_c, uniq_amaemon
D:9:      layout_cave_pools, lightli_temple_of_fire, lemuel_round_altar,
          serial_rivers, chequers_serial_rivers_room_a,
          chequers_serial_rivers_micro_e, chequers_serial_rivers_micro_b,
          chequers_serial_rivers_marsh, chequers_serial_rivers_small_3
D:10:     layout_irregular_city, xom_butterflies, nicolae_rejected_hall
D:11:     layout_loops_cross, minmay_orc_entry_temple_large, led_sif_book
D:12:     layout_loops_corners, ebering_dispersal_statue_hall,
          minmay_misc_feat_nine_boxes
D:13:     layout_cave_pods, david_vaults_2, gammafunk_ghost_arena
Lair:1:   layout_chaotic_city, grunt_megastairs_1, infiniplex_staircase_pool
Lair:2:   minmay_lair_oklob_chamber, layout_concentric_octagons,
          hellmonk_spider_entry_not_the_bees
Lair:3:   layout_loops_ring, elwin_shoals_entry_stream, lemuel_fruit_fields,
          serial_bayou_shore_a, grunt_megastairs_4, serial_bayou_shore_b
Lair:4:   layout_gridlike, slime_entry_1
Lair:5:   wormcave, layout_small_grid, hangedman_lair_caniforms_friends

Skill      XL: |  1  2  3  4  5  6  7  8  9 10 11 12 13 14 |
---------------+-------------------------------------------+-----
Ice Magic      | 5 6 7 9 10 11 13 14 16 17 | 17.5
Spellcasting   | 4 5 9 11 12 13 14 | 14.3
Conjurations   | 1 2 4 6 8 11 13 14 | 14.7
Poison Magic   | 2 3 4 5 |  5.0
Fighting       | 1 2 |  2.1
Invocations    | 1 4 5 6 7 |  7.1
Staves         | 3 |  3.0
Dodging        | 3 4 |  4.0
Earth Magic    | 1 6 8 9 10 | 10.0
Evocations     | 2 |  2.0
Stealth        | |  2.4

Action                   |  1- 3 |  4- 6 |  7- 9 | 10-12 | 13-15 || total
-------------------------+-------+-------+-------+-------+-------++-------
Melee: Dagger            |     1 |       |       |       |       ||     1
       Staff             |    10 |    63 |     5 |    69 |    32 ||   179
       Punch             |       |     1 |       |       |       ||     1
 Cast: Freeze            |    45 |    27 |    28 |    70 |    25 ||   195
       Frozen Ramparts   |     5 |    19 |    24 |    56 |    30 ||   134
       Ozocubu's Armour  |     2 |    11 |    17 |    44 |    37 ||   111
       Magic Dart        |       |   114 |   164 |   247 |   171 ||   696
       Hailstorm         |       |       |    11 |   104 |   106 ||   221
       Mephitic Cloud    |       |       |       |     6 |       ||     6
       Olgreb's Toxic Ra |       |       |       |     1 |    14 ||    15
       Iron Shot         |       |       |       |       |    84 ||    84
       Iskenderun's Batt |       |       |       |       |    14 ||    14
       Lightning Bolt    |       |       |       |       |     8 ||     8
       Freezing Cloud    |       |       |       |       |     2 ||     2
Invok: Channel Magic     |       |       |       |       |     1 ||     1
  Use: Scroll            |       |    11 |     1 |     6 |    13 ||    31
       Potion            |       |     1 |     1 |       |     2 ||     4
 Stab: Sleeping          |     5 |     2 |       |       |       ||     7
Armor: Robe              |     8 |    41 |    10 |    73 |    45 ||   177
Dodge: Dodged            |    28 |    91 |    48 |   145 |   122 ||   434
Block: Other             |       |       |       |       |    38 ||    38
       Reflection        |       |       |       |       |     2 ||     2
